 Dungeon Crawl Stone Soup version 0.18-a0-822-gb52b7b4 (webtiles) character file.

51 Raultor the Shield-Bearer (level 3, -6/29 HPs)
             Began as a Demonspawn Fighter on Dec 16, 2015.
             Mangled by an ogre
             ... wielding a +0 giant club
              (10 damage)
             ... on level 3 of the Dungeon.
             The game lasted 00:03:23 (1283 turns).

Raultor the Shield-Bearer (Demonspawn Fighter)      Turns: 1283, Time: 00:03:23

Health: -6/29      AC:  6    Str: 16    XL:     3   Next: 57%
Magic:  3/3        EV:  2    Int:  9    God:
Gold:   71         SH:  9    Dex: 13    Spells: 0 memorised, 2 levels left

rFire  . . .     SeeInvis .     a - +0 flail
rCold  . . .     Gourm    .     i - +0 ring mail
rNeg   . . .     Faith    .     c - +0 shield
rPois  .         Spirit   .     (no helmet)
rElec  .         Dismiss  .     (no cloak)
rCorr  .         Reflect  .     (no gloves)
SustAt .         Harm     .     (no boots)
MR     .....                    (no amulet)
Stlth  +.........               (no ring)
                                (no ring)

@: not resistant to hostile enchantments, very unstealthy
A: rugged brown scales 1, demonic guardian 1
a: no special abilities


You were on level 3 of the Dungeon.
You were not hungry.

You visited 1 branch of the dungeon, and saw 3 of its levels.

You collected 71 gold pieces.

Inventory:

Hand Weapons
 a - a +0 flail (weapon)
Armour
 b - a +0 scale mail
 c - a +0 shield (worn)
 i - a +0 ring mail (worn)
   (You found it on level 1 of the Dungeon)
Scrolls
 e - 2 scrolls of fear {unknown}
 g - 3 scrolls of identify {unknown}
 h - a scroll of amnesia {unknown}
 m - a scroll of enchant weapon {unknown}
Potions
 d - a potion of might
 k - a potion of heal wounds {unknown}
 l - 2 potions of magic {unknown}
 o - a potion of curing {unknown}
 p - a potion of lignification {unknown}
Comestibles
 f - a bread ration {@e1}
 n - a meat ration {@e2}


   Skills:
 - Level 3.0 Fighting
 * Level 2.9 Maces & Flails
 + Level 3.0 Armour
 + Level 3.1 Shields


You had 2 spell levels left.
You didn't know any spells.

Dungeon Overview and Level Annotations

Branches:
Dungeon (3/15)

Altars:


Innate Abilities, Weirdness & Mutations

You are partially covered in rugged brown scales (AC +1, +3% HP).
A weak demonic guardian rushes to your aid.


Message History

j - 6 chunks of flesh {@w0} (gained 2)
You see here a bat corpse.
You butcher the bat corpse.
j - 7 chunks of flesh {@w0} (gained 1)
You see here a bat skeleton.
Things that are here:
a club; a stone
l - 2 metallic puce potions
m - a scroll labeled FOSASE JESCH
n - a meat ration {@e2} Some of the chunks of flesh in your inventory have rotted away.
Things that are here:
a dagger; a bat corpse Eating one of 4 chunks of flesh {@w0}.
You continue eating. x2
You now have 53 gold pieces (gained 1).
An adder comes into view.
You block the adder's attack.
You closely miss the adder. You block the adder's attack.
You block the adder's attack.
You barely miss the adder. The adder bites you but does no damage.
You thump the adder! You block the adder's attack.
The adder closely misses you.
You miss the adder. You block the adder's attack. You block the adder's attack.
You closely miss the adder. You block the adder's attack.
The adder bites you but does no damage.
You completely miss the adder. The adder bites you but does no damage.
You closely miss the adder. You block the adder's attack. The adder bites you.
You are poisoned.
The adder poisons you!
You take 2 damage, and have 21/29 hp.
You sock the adder!
You kill the adder!
You feel sick.
You feel sick.
You feel sick.
You now have 66 gold pieces (gained 13).
You feel sick.
You feel sick.
You are no longer poisoned.
There is a stone staircase leading down here.
o - a coppery potion Some of the chunks of flesh in your inventory have rotted away.
You see here a bat skeleton.
Things that are here:
a club; a stone
Found a stone staircase leading up.
Health restored: 29
p - a black potion All of the chunks of flesh in your inventory have rotted away.
There is a stone staircase leading up here.
There is a stone staircase leading up here.
You now have 71 gold pieces (gained 5).
Done exploring.
There is an escape hatch in the floor here.
There is a stone staircase leading down here.
You can't go up here!
You climb downwards.
A goblin and a kobold come into view.
The goblin shouts!
Found 11 gold pieces and a lead wand.
Found a stone staircase leading down.
There is a stone staircase leading up here.
You completely miss the kobold. You block the kobold's attack.
You barely miss the kobold. The kobold hits you with a short sword.
You take 3 damage, and have 26/29 hp.
You hit the kobold.
You kill the kobold!
An orc comes into view. It is wielding a hand axe.
The orc shouts!
You thump the goblin!
You kill the goblin!
You see here a lead wand.
You thump the orc!
You kill the orc!
An orc comes into view. It is wielding a club.
The orc shouts!
You hear a shout!
You block the orc's attack.
You see here 11 gold pieces.
You hit the orc.
You kill the orc!
Your life force feels restored.
An ogre comes into view. It is wielding a giant club.
An orc comes into view.
The orc shouts!
You block the ogre's attack.
Things that are here:
a club; an orc corpse Your shield prevents you from hitting the ogre.
The ogre hits you with a giant club!!
Ouch! That really hurt!
* * * LOW HITPOINT WARNING * * *
Your crimson imp barely misses the ogre.
A giant newt and a rat come into view.
You take 24 damage, and have 3/29 hp.
MASSIVE DAMAGE!!
You see here 11 gold pieces.
Your crimson imp blinks!
There is a stone staircase leading up here.
The ogre hits you with a giant club!
You die...

... ..# #.# #...
###.### ..# # #
..... ...
...#.####.####.#.#
#........).......#
.##.#>.#./).##.#####
##..@O.o§......#
###.####r.###.. #.#
.## ..# .# ##.# o#
... r. ... l. #.. ..


You could see an ogre, an orc and a rat.

Vanquished Creatures
  An adder (D:2)
  A worm (D:2)
  A giant gecko (D:2)
  2 orcs (D:3)
  2 ball pythons (D:1)
  5 bats
  4 hobgoblins
  2 giant cockroaches
  A giant newt (D:2)
  6 goblins
  7 kobolds
  4 rats
36 creatures vanquished.

Notes
Turn   | Place    | Note
--------------------------------------------------------------
     0 | D:1      | Raultor the Demonspawn Fighter began the quest for the Orb.
     0 | D:1      | Reached XP level 1. HP: 18/18 MP: 1/1
    76 | D:1      | Reached skill level 2 in Maces & Flails
   119 | D:1      | Gained mutation: You are partially covered in rugged brown scales (AC +1, +3% HP). [demonic ancestry]
   119 | D:1      | Reached XP level 2. HP: 15/24 MP: 2/2
   680 | D:1      | Reached skill level 3 in Shields
   924 | D:2      | Gained mutation: A weak demonic guardian rushes to your aid. [demonic ancestry]
   924 | D:2      | Reached XP level 3. HP: 20/29 MP: 3/3
   925 | D:2      | Reached skill level 3 in Armour
  1277 | D:3      | Noticed an ogre
  1278 | D:3      | HP: 3/29 [ogre/giant club (24)]
  1283 | D:3      | Mangled by an ogre

Vault maps used:
D:1:      minmay_arrival_plants_in_alcoves, minmay_misc_feat_encased
D:3:      elyvilon_altar_3, lemuel_doored_altar, demons_altar, bloody_trog

Action                   || total
-------------------------++-------
Melee: Flail             ||   120
  Eat: Chunk             ||     1

Vault maps used:
D:1:      minmay_arrival_plants_in_alcoves, minmay_misc_feat_encased
D:3:      elyvilon_altar_3, lemuel_doored_altar, demons_altar, bloody_trog

Table legend:
 A = Turns spent in this place as a percentage of turns spent in the entire game.
 B = Non-inter-level travel turns spent in this place as a percentage of non-inter-level travel turns spent in the entire game.
 C = Inter-level travel turns spent in this place as a percentage of turns spent in this place.
 D = Turns resting spent in this place as a percentage of non-inter-level travel turns spent in this place.
 E = Turns spent auto-exploring this place as a percentage of non-inter-level travel turns spent in this place.
 F = Non-inter-level travel turns spent in this place divided by the number of levels of this place that you've seen.
                   A       B       C       D       E      F
               +-------+-------+-------+-------+-------+----------------------
         Total | 100.0 | 100.0 |   1.0 |   1.3 |  15.8 | 103.7
       Dungeon | 100.0 | 100.0 |   1.0 |   1.3 |  15.8 | 103.7
               +-------+-------+-------+-------+-------+----------------------

Table legend:
 A = Kills in this place as a percentage of kills in entire the game.
 B = Kills by you in this place as a percentage of kills by you in the entire game.
 C = Kills by friends in this place as a percentage of kills by friends in the entire game.
 D = Other kills in this place as a percentage of other kills in the entire game.
 E = Experience gained in this place as a percentage of experience gained in the entire game.
 F = Experience gained in this place divided by the number of levels of this place that you have seen.
                   A       B       C       D       E      F
               +-------+-------+-------+-------+-------+----------------------
         Total | 100.0 | 100.0 |  -nan |  -nan | 100.0 |  24.3
       Dungeon | 100.0 | 100.0 |  -nan |  -nan | 100.0 |  24.3
               +-------+-------+-------+-------+-------+----------------------
